 Dungeon Crawl Stone Soup version 0.31-a0-1118-gbca3d03946 (webtiles) character file.

Game seed: 18239968729350486642

121 Crownlay the Sneak (level 4, 20/20 HPs)
             Began as a Felid Enchanter on Dec 4, 2023.
             Was an Initiate of Gozag.
             Quit the game on level 3 of the Dungeon.
             The game lasted 00:07:22 (2538 turns).

Crownlay the Sneak (Felid Enchanter)                Turns: 2538, Time: 00:07:22

Health: 20/20      AC:  1    Str:  4    XL:     4   Next: 76%
Magic:  8/8        EV: 17    Int: 16    God:    Gozag
Gold:   110        SH:  0    Dex: 18    Spells: 2/7 levels left
                                        Lives:  0   Deaths: 2

rFire   . .          .
                       - Unarmed
rCold   . . .        (shield unavailable)
rNeg    . . .        (body armour unavailable)
rPois   .            (helmet unavailable)
rElec   .            (cloak unavailable)
rCorr   .            (gloves unavailable)
SInv    +            (boots unavailable)
Will    .....        (no amulet)
Stlth   +++          (no ring)
HPRegen 0.23/turn    (no ring)
MPRegen 0.11/turn

%: no passive effects
@: quick
A: very small, claws 1, fangs 3, see invisible, speed 1, shaggy fur 1, stealthy
paws, no weapons or thrown items, no armour, multi-lived
a: Renounce Religion, Potion Petition, Call Merchant, Bribe Branch


You were on level 3 of the Dungeon.
You worshipped Gozag.
Gozag was aware of your devotion.
You visited 1 branch of the dungeon, and saw 4 of its levels.

You collected 291 gold pieces.
You spent 112 gold pieces at shops.
You paid 69 gold pieces to Gozag.

Inventory:

Jewellery
 h - a ring of flight
 n - a +5 ring of evasion
Wands
 l - a wand of mindburst (8)
 s - a wand of quicksilver (13)
Scrolls
 b - a scroll of poison {unknown}
 c - a scroll of brand weapon {unknown}
 d - 3 scrolls of fog {unknown}
 g - 6 scrolls of identify {unknown}
 k - a scroll of revelation {unknown}
 m - a scroll of immolation {unknown}
 o - a scroll of enchant armour {unknown}
 p - a scroll of teleportation
 q - a scroll of noise
Potions
 a - 2 potions of invisibility
 e - 2 potions of haste {unknown}
 f - 2 potions of curing {unknown}
 i - a potion of magic {unknown}
 j - a potion of lignification {unknown}
 r - a potion of brilliance


   Skills:
 * Level 2.6 Fighting
 - Level 2.6 Dodging
 + Level 5.0 Stealth
 * Level 3.0 Unarmed Combat
 - Level 2.0 Spellcasting
 - Level 4.4 Hexes


You had 2 spell levels left.
You knew the following spells:

 Your Spells              Type           Power      Damage    Failure   Level
a - Ensorcelled Hibernat  Hex/Ice        16%        N/A       13%         2
b - Confusing Touch       Hex            15%        N/A       11%         3

Your spell library contained the following spells:

 Spells                   Type           Power      Damage    Failure   Level
 Lesser Beckoning         Tloc           2%         N/A       30%         2
 Scorch                   Fire           2%         2d5       30%         2
 Tukima's Dance           Hex            15%        N/A       11%         3
 Dazzling Flash           Conj/Hex       16%        N/A       26%         3
 Gell's Gravitas          Tloc           1%         N/A       52%         3
 Teleport Other           Tloc           1%         N/A       52%         3
 Flame Wave               Conj/Fire      1%         2d4       90%         4
 Passage of Golubria      Tloc           1%         N/A       90%         4
 Silence                  Hex/Air        4%         N/A       93%         5
 Summon Cactus Giant      Summ           0%         N/A       100%        6
 Lehudib's Crystal Spear  Conj/Erth      0%         10d2      100%        8


Dungeon Overview and Level Annotations

Branches:
Dungeon (4/15)
 Temple: D:4-7

Altars:
Gozag

Shops:
D:2 *


Innate Abilities, Weirdness & Mutations

You have sharp claws.
You have razor-sharp teeth.
You have supernaturally acute eyesight. (SInv)
You cover ground quickly. (Speed+)
You are covered in fur. (AC +1)
Your paws help you pounce on unaware monsters.
You are incapable of wielding weapons or throwing items.
You cannot wear armour.
You gain extra lives every three experience levels.


Message History

The jackal is no longer distracted by gold.
The orc barely misses the jackal.
You scratch the orc. You bite the orc, but do no damage.
The orc is almost dead.
The orc hits you with a +0 flail!
* * * LOW HITPOINT WARNING * * *
You scratch the orc but do no damage. You bite the orc, but do no damage.
The orc is almost dead.
The orc barely misses the jackal.
You scratch the orc but do no damage.
The orc is almost dead.
You scratch the jackal but do no damage.
The jackal closely misses you.
The orc barely misses the hobgoblin.
You barely miss the jackal. You claw the jackal, but do no damage.
The jackal bites you.
* * * LOW HITPOINT WARNING * * *
The orc closely misses the jackal.
You scratch the jackal but do no damage.
The jackal completely misses you.
The orc closely misses the jackal.
The jackal closely misses you.
You barely miss the jackal. You bite the jackal, but do no damage.
The jackal bites you.
* * * LOW HITPOINT WARNING * * *
You scratch the jackal.
The jackal is severely wounded.
The jackal misses you.
You closely miss the jackal.
The jackal is severely wounded.
The jackal bites you.
* * * LOW HITPOINT WARNING * * *
The jackal barely misses you.
You scratch the jackal.
You kill the jackal!
The jackal closely misses you.
You closely miss the jackal. You bite the jackal, but do no damage.
The jackal is moderately wounded.
The jackal bites you.
You die...
You rejoin the land of the living...
Are you sure you want to abandon this character and quit the game? (Confirm with "yes".)

....##.### #.# #.......#.##...†
######...####.####.#.#####.######
..#####..........................
###8..#........###.#.#.##########
#_............##.#.#.#.....#
###8..#............#.#.#.....#
..#####........#####.#.#.....#
### ########....####.........#
#......#.^..@....#.##....#
#.........#.#.......+....#
#...........#.##..###....#
#...........#[##.........#
#........#...............####
#....................#.......
#........##..).......#.......
#####......####..........#.......
#..........# #..................


There were no monsters in sight!

Vanquished Creatures
  Ijyb (D:2)
  A gnoll (D:1)
  2 adders (D:2)
  3 dart slugs
  6 bats
  4 endoplasms
  2 giant cockroaches
  8 goblins
  2 hobgoblins
  7 jackals
  4 kobolds
  6 quokkas
  4 frilled lizards
  5 rats
55 creatures vanquished.

Notes
Turn   | Place    | Note
-------+----------+-------------------------------------------
     0 | D:1      | Crownlay the Felid Enchanter began the quest for the Orb.
     0 | D:1      | Reached XP level 1. HP: 7/7 MP: 4/4
   380 | D:1      | Reached XP level 2. HP: 8/12 MP: 6/6
   486 | D:1      | Reached skill level 1 in Fighting
   509 | D:1      | Learned a level 2 spell: Ensorcelled Hibernation
   739 | D:2      | Reached XP level 3. HP: 15/15 MP: 7/7
   743 | D:2      | Learned a level 3 spell: Confusing Touch
   940 | D:2      | You fall into a shaft and drop 2 floors!
  1251 | D:3      | Found an opulent altar of Gozag.
  1270 | D:3      | Became a worshipper of Gozag Ym Sagoz the Greedy
  1610 | D:2      | Reached XP level 4. HP: 11/19 MP: 4/8
  1849 | D:2      | Found Kareisk's General Store.
  1857 | D:2      | Bought a scroll of teleportation for 42 gold pieces
  1857 | D:2      | Bought a scroll of noise for 14 gold pieces
  1857 | D:2      | Bought a potion of brilliance for 56 gold pieces
  2137 | D:2      | Found a faded altar of an unknown god.
  2183 | D:2      | Noticed Ijyb
  2339 | D:2      | Slain by Ijyb
  2419 | D:2      | Killed Ijyb
  2420 | D:2      | Reached skill level 5 in Stealth
  2515 | D:3      | Identified the +1 robe of Zaprobokh {Int-3 Slay+3 Archmagi}
  2535 | D:3      | HP: 1/20 [jackal (2)]
  2537 | D:3      | Slain by a jackal
  2538 | D:3      | Quit the game

Illustrated notes

Levels and vault maps discovered:
D:1:      giann_wishing_wells, layout_basic, glass_columns_b,
          minmay_misc_feat_columns, dreamdust_princess_corridor
D:2:      kennysheep_the_goblin_king, layout_rooms, serial_bayou,
          serial_bayou_lake_a, serial_bayou_shore_b, serial_bayou_pond_e,
          serial_bayou_ford_a, ebering_ecumenical_altar_abandoned, serial_shops,
          shop
D:3:      layout_basic, grunt_gozag_breadcrumbs, minmay_misc_feat_room
D:4:      layout_basic, grunt_decor_clamped

Skill      XL: |  1  2  3  4 |
---------------+-------------+-----
Fighting       | 1 2 |  2.6
Unarmed Combat | 2 3 |  3.0
Stealth        | 5 |  5.0
Dodging        | |  2.6
Spellcasting   | |  2.0
Hexes          | |  4.4

Action                     |  1- 3 |  4- 6 || total
---------------------------+-------+-------++-------
  Melee: Unarmed           |   109 |    96 ||   205
         Bite              |    12 |    12 ||    24
         Punch             |       |     2 ||     2
   Cast: Ensorcelled Hiber |    11 |     4 ||    15
         Confusing Touch   |     3 |     6 ||     9
   Stab: Sleeping          |    20 |     3 ||    23
         Confused          |     3 |     1 ||     4
 Armour: Skin              |    29 |    31 ||    60
  Dodge: Dodged            |    87 |    57 ||   144

Table legend: (Time is in decaauts)
 A = Elapsed time spent in this place.
 B = Non-inter-level travel time spent in this place.
 C = Inter-level travel time spent in this place.
 D = Time resting spent in this place.
 E = Time spent auto-exploring this place.
 F = Levels seen in this place.
 G = Mean time per level.
                   A        B        C        D        E       F      G
               +--------+--------+--------+--------+--------+-----+--------+
         Total |   2215 |   2161 |     54 |     53 |   1540 |   4 |  553.8 |
       Dungeon |   2215 |   2161 |     54 |     53 |   1540 |   4 |  553.8 |
               +--------+--------+--------+--------+--------+-----+--------+

Top non-repeatable levels by time:
     D:2: 1025 daAuts
     D:1: 616 daAuts
     D:3: 560 daAuts
     D:4: 12 daAuts
